 Dungeon Crawl Stone Soup version 0.30-a0-939-gc8157cb160 (webtiles) character file.

Game seed: 1219208535015680077

763 Jeffwins the Covered (level 8, -3/84 HPs)
             Began as a Human Wanderer on Mar 26, 2023.
             Slain by Duvessa
             ... wielding a +0 short sword
              (13 damage)
             ... on level 5 of the Dungeon.
             The game lasted 00:05:07 (3925 turns).

Jeffwins the Covered (Human Wanderer)               Turns: 3925, Time: 00:05:07

Health: -3/84      AC: 10    Str: 16    XL:     8   Next: 8%
Magic:  13/13      EV:  9    Int: 13    God:
Gold:   239        SH:  5    Dex: 11    Spells: 13/14 levels left

rFire   . . .      SeeInvis .    a - +2 dagger (venom)
rCold   . . .      Faith    .    (no shield)
rNeg    . . .      Spirit   .    d - +2 scale mail
rPois   .          Reflect  +    v - +0 helmet
rElec   .          Rampage  .    e - scarf {repulsion}
rCorr   .                        (no gloves)
Will    .....                    (no boots) Stlth
                                 j - amulet of reflection
HPRegen 0.34/turn                (no ring)
MPRegen 0.13/turn                (no ring)

@: berserking, repel missiles, very quick
A: no striking features
a: no special abilities


You were on level 5 of the Dungeon.
You visited 1 branch of the dungeon, and saw 5 of its levels.

You collected 239 gold pieces.


   Skills:
 - Level 2.0 Fighting
 * Level 3.3 Short Blades
 + Level 5.6 Armour
 + Level 2.5 Stealth
 * Level 3.5 Spellcasting
 * Level 3.9 Necromancy
 + Level 3.2 Evocations


You had 13 spell levels left.
You knew the following spells:

 Your Spells              Type           Power      Damage    Failure   Level
X - Kiss of Death         Conj/Necr      28%        2d7       30%         1

Your spell library contained the following spells:

 Spells                   Type           Power      Damage    Failure   Level
 Necrotise                Necr           48%        1d6       14%         1
 Vampiric Draining        Necr           12%        2d6       38%         3
 Agony                    Necr           12%        N/A       98%         5

Inventory:

Hand Weapons
 a - a +2 dagger of venom (weapon)
 k - a +0 sling
Missiles
 p - a throwing net {=f}
 u - 3 poisoned darts
Armour
 d - a +2 scale mail (worn)
 e - a scarf of repulsion (worn)
 t - an orb of guile
 v - a +0 helmet (worn)
 B - a +0 leather armour
Magical Staves
 y - a staff of air
 C - a staff of death
Jewellery
 j - an amulet of reflection (around neck)
Wands
 b - a wand of polymorph (3)
Scrolls
 h - 2 scrolls of immolation {!r}
 l - 5 scrolls of teleportation {unknown}
 n - a scroll of fog {unknown}
 s - 2 scrolls of fear
 w - a scroll of torment {!r}
 x - a scroll of vulnerability {!r}
 A - a scroll of enchant armour
Potions
 f - 2 potions of cancellation {unknown}
 g - a potion of curing {unknown}
 i - a potion of might {unknown}
 m - 3 potions of flight {unknown}
 o - a potion of lignification {unknown}
 q - 2 potions of mutation {unknown}
 r - 2 potions of degeneration {unknown}
 z - a potion of heal wounds {unknown}

Dungeon Overview and Level Annotations

Branches:
Dungeon (5/15)
 Temple: D:4-7

Altars:
Ashenzari
Fedhas
Hepliaklqana
Wu Jian

Shops:
D:3 [

Annotations:
D:5 Duvessa

# #..........##
#.....<...##
#####.....##
####........#
#.))).##.##....
###.##.###.# ##...
####...##.##..#
#..
#....e........# .#
#....##@#####.#.##
# ..###...# .# #
#..### .# #.# #.
#. . # ##


You could see Duvessa (berserk, extremely poisoned).


Message History

Duvessa is nearby!
Unknown command.
You puncture Duvessa!
Duvessa is heavily wounded.
Duvessa hits you with a +0 short sword.
* * * LOW HITPOINT WARNING * * *
You completely miss Duvessa.
Duvessa is heavily wounded.
Duvessa hits you with a +0 short sword.
* * * LOW HITPOINT WARNING * * *
You puncture Duvessa!
Duvessa looks as sick as possible!
Duvessa is severely wounded.
You closely miss Duvessa.
Duvessa is severely wounded.
Duvessa hits you with a +0 short sword!
* * * LOW HITPOINT WARNING * * *
You hit Duvessa.
Duvessa looks as sick as possible!
Duvessa is severely wounded.
Duvessa hits you but does no damage.
You closely miss Duvessa.
Duvessa is almost dead.
Duvessa hits you with a +0 short sword.
* * * LOW HITPOINT WARNING * * *
You closely miss Duvessa.
Duvessa is almost dead.
Duvessa barely misses you.
You hit Duvessa.
Duvessa looks as sick as possible!
Duvessa is almost dead.
Duvessa hits you with a +0 short sword!
You die...

Skill      XL: |  1  2  3  4  5  6  7 |
---------------+----------------------+-----
Necromancy     | 2 3 |  3.9
Spellcasting   | 2 3 |  3.5
Short Blades   | 1 2 3 |  3.3
Stealth        | 1 2 |  2.5
Fighting       | 2 |  2.0
Evocations     | 3 |  3.2
Armour         | |  5.6

Action                     |  1- 3 |  4- 6 |  7- 9 || total
---------------------------+-------+-------+-------++-------
  Melee: Club              |    76 |       |       ||    76
         Dagger            |    45 |   219 |   159 ||   423
         Punch             |       |     5 |     4 ||     9
   Fire: Sling             |     4 |       |       ||     4
    Use: Scroll            |       |     4 |     1 ||     5
         Potion            |       |     1 |     1 ||     2
 Armour: Scale mail        |    84 |    85 |    43 ||   212
  Dodge: Dodged            |    73 |   118 |    48 ||   239
         Repelled          |     2 |       |     1 ||     3
  Block: Other             |    10 |    61 |    20 ||    91
         Reflection        |       |       |     1 ||     1

Levels and vault maps discovered:
D:1:      minmay_arrival_cross, layout_basic, hellmonk_ecumenical_altar_run_dry,
          minmay_3d_cube
D:2:      layout_rooms
D:3:      minmay_skewed_foursquare, layout_rooms, nzn_wu_jian_contemplation,
          serial_shops, nicolae_lakefront_shop, uniq_robin
D:4:      layout_basic, mainiacjoe_overflow_alcove_1, amcnicky_altar_gilded,
          worldfamousw_hep_ancestral_shrine, hex_large, minmay_mini_ossuary
D:5:      layout_rooms, mainiacjoe_overflow_small_starburst, led_sif_pool,
          general_overflow_altar, minmay_manual_monstrance, uniq_eustachio,
          uniq_pikel, uniq_duvessa

Notes
Turn   | Place    | Note
-------+----------+-------------------------------------------
     0 | D:1      | Jeffwins the Human Wanderer began the quest for the Orb.
     0 | D:1      | Jeffwins set off with the following items: a +0 club, a
                  | wand of polymorph (3), a potion of berserk rage {!q}, a +2
                  | scale mail; and the following spell memorised: Kiss of
                  | Death; and the following spells available to memorise:
                  | Vampiric Draining.
     0 | D:1      | Reached XP level 1. HP: 15/15 MP: 2/2
   119 | D:1      | Found a faded altar of an unknown god.
   133 | D:1      | Reached XP level 2. HP: 21/21 MP: 3/3
   516 | D:1      | Reached XP level 3. HP: 21/26 MP: 5/5
   968 | D:2      | Reached XP level 4. HP: 32/32 MP: 6/6
  1033 | D:2      | Reached skill level 2 in Necromancy
  1038 | D:2      | Reached skill level 2 in Spellcasting
  1048 | D:2      | HP: 3/32 [gnoll/+0 spear (3)]
  1172 | D:2      | Reached skill level 1 in Short Blades
  1509 | D:2      | Reached XP level 5. HP: 37/37 MP: 8/8
  1750 | D:3      | Reached skill level 1 in Stealth
  1845 | D:3      | Found an ornate altar of the Wu Jian Council.
  1925 | D:3      | Noticed Robin
  1972 | D:3      | Killed Robin
  2143 | D:3      | Found Xukk's Antique Armour Boutique.
  2262 | D:4      | Found a blossoming altar of Fedhas.
  2359 | D:4      | Reached skill level 2 in Fighting
  2359 | D:4      | Reached XP level 6. HP: 44/44 MP: 9/9
  2414 | D:4      | Reached skill level 2 in Short Blades
  2414 | D:4      | Reached skill level 3 in Necromancy
  2467 | D:4      | Found a hazy altar of Hepliaklqana.
  2677 | D:4      | HP: 3/66 [mummy (15)]
  2890 | D:4      | Reached XP level 7. HP: 19/50 MP: 11/11
  2897 | D:4      | Reached skill level 2 in Stealth
  2933 | D:4      | Reached skill level 3 in Spellcasting
  3047 | D:4      | Reached skill level 3 in Evocations
  3280 | D:4      | Found a broken altar of Ashenzari.
  3545 | D:5      | Entered Level 5 of the Dungeon
  3576 | D:5      | Noticed Eustachio
  3584 | D:5      | Reached skill level 3 in Short Blades
  3705 | D:5      | Killed Eustachio
  3706 | D:5      | Reached XP level 8. HP: 43/56 MP: 11/13
  3786 | D:5      | Noticed Dowan
  3787 | D:5      | Noticed Duvessa
  3798 | D:5      | Killed Dowan
  3925 | D:5      | Slain by Duvessa

Vanquished Creatures
  Eustachio (D:5)
  A phantom (D:4)
  A scorpion (D:4)
  Dowan (D:5)
  3 hounds (D:4)
  An orc priest (D:4)
  A sleepcap (D:4)
  An iguana (D:4)
  An orc wizard (D:4)
  A mummy (D:4)
  Robin (D:3)
  7 gnolls
  7 adders
  An ufetubus (D:4)
  2 worms
  2 dart slugs
  7 orcs (D:4)
  8 ball pythons
  5 endoplasms
  2 giant cockroaches
  15 goblins
  8 hobgoblins
  4 jackals (D:2)
  6 kobolds
  3 quokkas
  3 bats
  A frilled lizard (D:3)
  2 hobgoblin zombies (D:4)
  2 orc zombies (D:4)
  4 rats
102 creatures vanquished.

Table legend: (Time is in decaauts)
 A = Elapsed time spent in this place.
 B = Non-inter-level travel time spent in this place.
 C = Inter-level travel time spent in this place.
 D = Time resting spent in this place.
 E = Time spent auto-exploring this place.
 F = Levels seen in this place.
 G = Mean time per level.
                   A        B        C        D        E       F      G
               +--------+--------+--------+--------+--------+-----+--------+
         Total |   3921 |   3833 |     88 |    400 |   2547 |   5 |  784.2 |
       Dungeon |   3921 |   3833 |     88 |    400 |   2547 |   5 |  784.2 |
               +--------+--------+--------+--------+--------+-----+--------+

Top non-repeatable levels by time:
     D:4: 1524 daAuts
     D:1: 950 daAuts
     D:3: 657 daAuts
     D:2: 594 daAuts
     D:5: 195 daAuts

Table legend:
 A = Non-vault XP
 B = Vault XP
 C = Vault XP percentage of total XP
 D = Non-vault monster count
 E = Vault monster count
 F = Vault count percentage of total count
                 A         B        C        D         E       F
            +---------+---------+-------+---------+---------+-------
      Total |     740 |     351 |  32.2 |      71 |      31 |  30.4
            +---------+---------+-------+---------+---------+-------
        D:1 |      32 |       7 |  17.9 |      17 |       5 |  22.7
        D:2 |     102 |       0 |   0.0 |      21 |       0 |   0.0
        D:3 |      38 |      68 |  64.2 |       7 |      19 |  73.1
        D:4 |     510 |      22 |   4.1 |      22 |       5 |  18.5
        D:5 |      58 |     254 |  81.4 |       4 |       2 |  33.3
            +---------+---------+-------+---------+---------+-------
